Map: Breakwater LE

Players

tenyearsago - Winner!

  • Race: Terran Terran
  • Spawn Location: 1:00

HBKmullins - Winner!

  • Race: Zerg Zerg
  • Spawn Location: 1:00

VOD

Have the link to the VOD?

Description

Time

  • Played on: June 7, 2025, 4:45 a.m.
  • Length: 38:28
Show
View Real Time Build Order
Export as new Build Order

tenyearsago Terran - Winner!

Build Orders:  

Get SALT Encoding   

  12  0:05  SCV  
  13  0:29  Supply Depot  
  13  1:03  Supply Depot  
  13  1:07  SCV  
  14  1:24  SCV  
  15  1:39  Barracks  
  15  1:40  SCV  
  16  1:57  SCV  
  17  2:07  Refinery  
  17  2:14  SCV  
  18  2:31  SCV  
  19  2:44  Refinery  
  19  2:45  Barracks  
  19  2:46  Marine  
  20  3:11  Marine  
  21  3:28  Orbital Command  
  21  3:36  Marine  
  22  4:01  Marine  
  22  4:09  Barracks Tech Lab  
  23  4:16  Factory  
  23  4:26  Marine  
  24  5:18  Command Center, Unknown  
  24  5:21  Marauder  
  24  5:29  Marine  
  27  5:51  Marauder  
  27  5:54  Marine  
  30  6:01  Supply Depot  
  30  6:02  Factory Tech Lab  
  30  6:19  Marine  
  31  6:31  Marauder  
  31  6:33  Supply Depot  
  33  6:44  Marine  
  34  7:01  Marauder  
  34  7:04  Supply Depot  
  36  7:31  Marauder  
  38  7:51  Siege Tank  
  41  8:02  SCV  
  42  8:19  SCV  
  43  8:36  Siege Tank  
  46  9:21  Siege Tank  
  49  9:45  Armory  
  49  10:06  Siege Tank  
  52  10:17  SCV  
  53  10:30  Refinery  
  53  10:31  Command Center  
  53  10:34  SCV  
  54  10:51  Siege Tank, SCV  
  54  10:54  Starport  
  58  11:06  Refinery  
  58  11:08  SCV  
  59  11:25  SCV  
  60  11:48  Starport  
  60  11:53  Viking  
  62  12:17  Refinery  
  62  12:35  SCV, Viking  
  65  12:51  Refinery  
  65  12:52  SCV  
  66  13:09  SCV  
  67  13:17  Viking  
  69  13:26  SCV  
  70  13:43  SCV  
  71  13:59  Viking  
  73  14:04  Thor  
  79  14:41  Viking  
  81  16:19  Supply Depot  
  81  16:49  Thor  
  87  16:51  Supply Depot  
  87  17:25  Supply Depot  
  87  17:36  Siege Tank x2  
  87  17:37  Siege Tank x3  
  87  17:49  Thor  
  93  17:56  Supply Depot  
  93  18:28  Supply Depot  
  93  19:01  Supply Depot  
  93  19:32  Supply Depot  
  93  20:03  Supply Depot  
  93  20:34  Supply Depot  
  93  21:06  Supply Depot  
  93  21:19  Siege Tank x5  
  92  21:30  Unknown  
  92  21:38  Supply Depot  
  90  22:10  Supply Depot  
  90  22:16  Unknown  
  90  22:43  Supply Depot  
  90  23:14  Supply Depot  
  90  23:31  Siege Tank x3  
  90  23:32  Siege Tank x2  
  90  23:45  Supply Depot  
  90  24:17  Supply Depot  
  90  24:51  Supply Depot  
  89  25:23  Supply Depot  
  89  25:55  Supply Depot  
  89  25:56  Siege Tank x4  
  89  25:57  Siege Tank  
  89  26:26  Supply Depot  
Show
View Real Time Build Order
Export as new Build Order

HBKmullins Zerg - Winner!

Build Orders:  

Get SALT Encoding   

  12  0:16  Drone  
  13  0:21  Overlord  
  13  0:40  Overlord  
  13  0:45  Drone  
  14  1:15  Drone  
  15  1:29  Spawning Pool  
  14  1:33  Extractor  
  13  1:43  Extractor  
  13  1:47  Drone  
  13  1:48  Drone x2  
  15  2:23  Drone  
  15  2:24  Drone  
  17  2:41  Evolution Chamber  
  17  2:42  Drone  
  17  2:45  Queen  
  19  2:54  Drone  
  20  3:04  Zergling x2  
  21  3:27  Zergling x2  
  22  3:35  Queen  
  24  3:49  Metabolic Boost  
  24  4:00  Zergling x2  
  24  4:01  Zergling x2  
  26  4:53  Drone x3  
  29  5:07  Hatchery  
  29  5:08  Hatchery  
  27  5:27  Drone  
  27  5:28  Drone  
  29  5:39  Drone  
  30  5:56  Lair  
  30  6:05  Overlord  
  30  6:59  Drone  
  31  7:06  Drone x2  
  33  7:12  Drone x2  
  33  7:13  Drone  
  36  7:21  Queen  
  36  7:26  Queen  
  40  7:30  Queen  
  42  7:42  Zergling x2  
  42  7:47  Zergling x4  
  45  7:52  Zergling x4  
  45  7:53  Zergling x2  
  48  8:41  Drone x2  
  50  9:35  Overlord x3  
  50  9:40  Overlord  
  50  10:02  Burrow  
  50  10:08  Zergling x2  
  50  10:09  Zergling x4  
  53  10:18  Zergling x6  
  56  10:56  Hydralisk Den  
  55  11:07  Spire  
  53  11:45  Hydralisk  
  53  11:46  Hydralisk x2  
  59  11:50  Hydralisk  
  59  11:51  Hydralisk x2  
  65  12:06  Zerg Ground Armor Level 1  
  65  12:49  Mutalisk x2  
  69  12:52  Overlord  
  69  13:04  Mutalisk x2  
  69  13:06  Overlord  
  69  13:07  Unknown  
  73  13:43  Roach Warren  
  73  13:45  Mutalisk x2  
  73  13:46  Mutalisk  
  78  14:15  Lair  
  78  14:19  Overseer  
  78  14:37  Unknown  
  76  15:51  Mutalisk x2  
  76  15:52  Mutalisk  
  76  15:57  Unknown  
  76  15:59  Hydralisk x3  
  88  16:09  Queen  
  90  16:13  Queen  
  92  16:59  Queen  
  94  17:03  Queen  
  96  17:27  Lurker Den  
  95  17:30  Glial Reconstitution  
  95  17:34  Zerg Flyer Weapons Level 1  
  95  18:01  Infestation Pit  
  92  19:17  Zerg Missile Weapons Level 1  
  91  19:20  Tunneling Claws  
  91  19:35  Drone x3  
  91  19:39  Drone, Unknown  
  119  19:40  Drone x2  
  97  20:05  Hive  
  97  20:10  Overlord x3  
  97  21:07  Greater Spire  
  97  21:37  Overseer  
  97  21:47  Mutalisk x3  
  103  21:55  Mutalisk  
  103  21:56  Mutalisk x2  
  109  23:07  Unknown  
  109  27:32  Extractor  
  109  27:39  Extractor  
  109  27:48  Extractor  
  109  28:02  Mutalisk x2  
  109  28:03  Mutalisk  
  109  28:08  Extractor  
  109  28:19  Zergling x2  
  109  28:20  Zergling x4  
  109  28:23  Zergling x2  
  109  28:24  Zergling x4  
  109  28:30  Zergling x2  
  109  28:35  Zergling x2  
  109  28:40  Zergling x2  
  109  28:45  Zergling x2  
  109  28:48  Queen  
  109  28:58  Overlord  
  109  30:08  Zerg Missile Weapons Level 2  
  109  30:22  Pneumatized Carapace  
  109  32:16  Overseer x2  
  109  32:23  Overseer  
  109  32:24  Overseer  
  109  32:25  Overseer  
  109  32:35  Overseer  
Tags
 
Add a new tag
Caveats
  • Supply blocks, unpowered buildings, or Contaminate may cause inaccurate times.
  • Supply counts are checked every 10 seconds.